[Event "Titled Tuesday Blitz February 14 Late 2023"]
[White "Vaglio Mattey, Emanuel"]
[Black "Torres Dominguez, David"]
[WhiteFideId "6504167"]
[BlackFideId "2220857"]
[WhiteElo "2155"]
[BlackElo "1994"]
[Result "1-0"]
[Round "10"]
[TimeControl "180+2"]
[Date "2023.02.14"]
[WhiteClock "0:00:13"]
[BlackClock "0:00:01"]

1. d4 e5 2. dxe5 d6 3. exd6 Bxd6 4. Nf3 Bg4 5. Nc3 Nc6 6. h3 Bh5 7. e4 Qe7 8. Bd3 O-O-O 9. Nd5 Qe8 10. O-O Nge7 11. c4 Nd4 12. Be2 Nxe2+ 13. Qxe2 Nxd5 14. cxd5 f5 15. Re1 Bb4 16. Bd2 Bxd2 17. Qxd2 Bxf3 18. gxf3 Qh5 19. Kg2 fxe4 20. fxe4 Rd6 21. Re3 Rg6+ 22. Rg3 Rf8 23. Qe3 Rxg3+ 24. fxg3 Qe5 25. Qe2 Re8 26. Re1 a6 27. b3 h5 28. Qf2 g6 29. Re2 Kb8 30. Qf4 Qd4 31. Rd2 Qxe4+ 32. Qxe4 Rxe4 33. Kf3 Re7 34. Kf4 Kc8 35. Kg5 Re3 36. Rg2 Rd3 37. Kxg6 Rxd5 38. Rf2 1-0


[Site "https://www.chess.com"]

[Event "Titled Tuesday Blitz February 14 Late 2023"]
[White "Kostiukov, Alexandr"]
[Black "Stanisz, Patryk"]
[WhiteFideId "14108100"]
[BlackFideId "1123106"]
[WhiteElo "2271"]
[BlackElo "2161"]
[Result "1-0"]
[Round "10"]
[TimeControl "180+2"]
[Date "2023.02.14"]
[WhiteClock "0:00:25"]
[BlackClock "0:00:07"]

1. g3 d5 2. Bg2 c6 3. d3 Nf6 4. e4 dxe4 5. dxe4 Qxd1+ 6. Kxd1 g6 7. f3 Bg7 8. c3 O-O 9. Be3 Rd8+ 10. Nd2 b6 11. Kc2 Ba6 12. Bf1 Bxf1 13. Rxf1 c5 14. Nh3 Nc6 15. a4 Rd7 16. Nc4 Rad8 17. Nf2 Ne8 18. Rd1 Ne5 19. Nxe5 Bxe5 20. f4 Bc7 21. Rxd7 Rxd7 22. a5 Nd6 23. axb6 axb6 24. Ra1 Nc4 25. Bc1 Na5 26. e5 f6 27. e6 Rd6 28. f5 gxf5 29. Bf4 Rxe6 30. Bxc7 Re2+ 31. Kd3 Rxf2 32. Bxb6 Nb3 33. Ra7 Kf7 34. Bd8 Rxb2 35. Bxe7 Kg6 36. Bf8 Nc1+ 37. Ke3 Re2+ 38. Kf3 Rxh2 39. Rg7+ Kh5 40. Rxh7+ Kg6 41. Rxh2 Nd3 42. Rd2 Ne5+ 43. Kf4 Kf7 44. Bxc5 Ke6 45. Bd4 Ng6+ 46. Kf3 Ne7 47. Re2+ Kf7 48. Rxe7+ Kxe7 49. Kf4 Ke6 50. c4 Kd6 51. Bxf6 Kc5 52. Kxf5 Kxc4 53. g4 Kd5 54. g5 Kd6 55. g6 Kd7 56. g7 Ke8 57. g8=Q+ Kd7 58. Qd5+ Ke8 59. Qd8+ Kf7 60. Qe7+ Kg8 61. Qg7# 1-0


[Site "https://www.chess.com"]

[Event "Titled Tuesday Blitz February 14 Late 2023"]
[White "Sanchez Alvares, Kelvin Antonio"]
[Black "FuenfgegenWilly"]
[WhiteFideId "3906680"]
[WhiteElo "2243"]
[BlackElo "2322"]
[Result "1-0"]
[Round "10"]
[TimeControl "180+2"]
[Date "2023.02.14"]
[WhiteClock "0:01:20"]
[BlackClock "0:00:08"]

1. e4 c5 2. Nf3 a6 3. c4 Nc6 4. d4 cxd4 5. Nxd4 Qc7 6. Nc3 e6 7. Be3 Nf6 8. Nc2 h5 9. h3 Ne5 10. Qe2 b5 11. cxb5 axb5 12. Nxb5 Qa5+ 13. Bd2 Qb6 14. f4 Nc6 15. Bc3 Ba6 16. a4 d5 17. Bxf6 gxf6 18. exd5 Qa5+ 19. Kf2 Bc5+ 20. Kg3 Ne7 21. dxe6 Nf5+ 22. Kh2 Qb6 23. exf7+ Kxf7 24. Qe4 Bf2 25. Qxf5 h4 26. Bc4+ Kf8 27. Rhd1 Rc8 28. Rd6 Bg3+ 29. Kh1 Rc6 30. Qxf6+ Ke8 31. Qf7# 1-0


[Site "https://www.chess.com"]

[Event "Titled Tuesday Blitz February 14 Late 2023"]
[White "Golubev, Mikhail"]
[Black "Slavin, Alexey"]
[WhiteFideId "14100983"]
[BlackFideId "24104388"]
[WhiteElo "2461"]
[BlackElo "2364"]
[Result "0-1"]
[Round "10"]
[TimeControl "180+2"]
[Date "2023.02.14"]
[WhiteClock "0:00:02"]
[BlackClock "0:00:45"]

1. e4 Nc6 2. Nf3 d6 3. d4 Nf6 4. Nc3 Bg4 5. Be3 a6 6. h3 Bh5 7. Qe2 e5 8. g4 Bg6 9. O-O-O Qc8 10. d5 Nb8 11. Bg5 Be7 12. h4 h5 13. Bxf6 Bxf6 14. g5 Be7 15. Bh3 Nd7 16. Ne1 O-O 17. Nd3 Qe8 18. f4 exf4 19. Nxf4 Ne5 20. Nxh5 Bxh5 21. Qxh5 b5 22. Rdg1 g6 23. Qh6 Nf3 24. h5 Qd8 25. hxg6 Bxg5+ 26. Rxg5 Qxg5+ 27. Qxg5 Nxg5 28. gxf7+ Kxf7 29. Bf5 Rh8 30. Rg1 Kf6 31. Nd1 Rae8 32. Ne3 Nxe4 33. Rg6+ Kf7 34. Ng4 0-1


[Site "https://www.chess.com"]

[Event "Titled Tuesday Blitz February 14 Late 2023"]
[White "Abdi, Farzad"]
[Black "Mazurkiewicz, Michal"]
[WhiteFideId "2076829"]
[BlackFideId "1124943"]
[WhiteElo "2068"]
[BlackElo "2145"]
[Result "0-1"]
[Round "10"]
[TimeControl "180+2"]
[Date "2023.02.14"]
[WhiteClock "0:00:11"]
[BlackClock "0:00:05"]

1. e4 d6 2. d4 Nf6 3. Nc3 c6 4. g3 e5 5. Nge2 Be7 6. Bg2 O-O 7. O-O Re8 8. h3 b5 9. a3 a6 10. Be3 Bb7 11. Kh2 Nbd7 12. g4 Nb6 13. Ng3 Nc4 14. Bc1 d5 15. dxe5 Nxe5 16. f4 Nc4 17. e5 Nd7 18. b3 Ncb6 19. Bb2 Nc5 20. Nf5 Bf8 21. Qe1 g6 22. Qg3 gxf5 23. gxf5+ Kh8 24. f6 Ne6 25. Rg1 Bh6 26. Ne2 Rg8 27. Qh4 Qf8 28. Bf3 Rxg1 29. Rxg1 d4 30. Be4 Nd5 31. Rg7 Nxg7 32. Qxh6 Qg8 33. fxg7+ Qxg7 34. Qh4 c5 35. b4 Rg8 36. bxc5 Nc3 37. Bxc3 Bxe4 38. Ng3 dxc3 39. f5 Bxf5 40. e6 Bxe6 41. c6 Bd5 42. c7 Be6 43. Qd8 Qxg3+ 44. Kh1 Qg2# 0-1


[Site "https://www.chess.com"]

[Event "Titled Tuesday Blitz February 14 Late 2023"]
[White "Poeta, Caio Medeiros"]
[Black "Georg, Heinz"]
[WhiteFideId "2142660"]
[BlackFideId "4607295"]
[WhiteElo "2088"]
[BlackElo "2107"]
[Result "1-0"]
[Round "10"]
[TimeControl "180+2"]
[Date "2023.02.14"]
[WhiteClock "0:00:56"]
[BlackClock "0:00:01"]

1. d4 f5 2. e4 fxe4 3. Nc3 Nf6 4. Bg5 Nc6 5. d5 Ne5 6. Qd4 Nf7 7. Bxf6 exf6 8. Nxe4 f5 9. Ng3 d6 10. O-O-O g6 11. h4 Bh6+ 12. Kb1 O-O 13. h5 Bg7 14. Qd2 Qf6 15. c3 g5 16. Nf3 h6 17. Bd3 Bd7 18. Nd4 f4 19. Ngf5 Ne5 20. Nxg7 Kxg7 21. Ka1 Nxd3 22. Qxd3 Rae8 23. Rhe1 Re5 24. Nf3 Bf5 25. Qb5 Rxe1 26. Rxe1 b6 27. Qc6 Rf7 28. Nd4 Bd7 29. Qxc7 Bf5 30. Re7 Be4 31. Ne6+ Kg8 32. Qd8+ 1-0


[Site "https://www.chess.com"]

[Event "Titled Tuesday Blitz February 14 Late 2023"]
[White "Cueto, Jonny"]
[Black "Melikhov, Evgeny V."]
[WhiteFideId "3300145"]
[BlackFideId "4122046"]
[WhiteElo "2122"]
[BlackElo "2269"]
[Result "1-0"]
[Round "10"]
[TimeControl "180+2"]
[Date "2023.02.14"]
[WhiteClock "0:00:18"]
[BlackClock "0:00:04"]

1. d4 Nf6 2. Bf4 d5 3. e3 c5 4. Nf3 cxd4 5. exd4 Nc6 6. Nbd2 a6 7. c3 Bf5 8. Ne5 Nxe5 9. Bxe5 Nd7 10. Bf4 e6 11. Nf3 Be7 12. Bd3 Bxd3 13. Qxd3 h6 14. O-O O-O 15. Rfe1 Nf6 16. Ne5 Bd6 17. Re3 Ne4 18. f3 Nf6 19. Rae1 Qc7 20. Qe2 b5 21. Qf2 Nh5 22. Bxh6 gxh6 23. Qh4 Ng7 24. Qxh6 f6 25. Ng6 Nf5 26. Qh8+ Kf7 27. Qh7+ Ng7 28. Rxe6 Bxh2+ 29. Kf1 Rfe8 30. Rxe8 Rxe8 31. Rxe8 Kxe8 32. Qg8+ Kd7 33. Qxg7+ Kc8 34. Qxf6 Qc4+ 35. Ke1 Bg3+ 36. Kd2 Qxa2 37. Qf8+ Kb7 38. Qe7+ Kc8 39. Qc5+ Kb8 40. Qb6+ Ka8 41. Kc1 Qa1+ 42. Kc2 Qa4+ 43. Kd2 Qa2 44. Qd8+ Ka7 45. Qd7+ Ka8 46. Qc6+ Ka7 47. Qc5+ Kb7 48. Qa3 Qb1 49. Ne7 Qe1+ 50. Kc2 Qe2+ 51. Kb3 Qc4+ 52. Kc2 Qe2+ 53. Kb1 Qf1+ 54. Ka2 Qc4+ 55. Qb3 Qxb3+ 56. Kxb3 Kb6 57. Nxd5+ Kc6 58. Nb4+ Kb6 59. Nd3 a5 60. Ne5 a4+ 61. Kc2 Bf4 62. Nd3 Bd6 63. Nb4 Kc7 64. g4 Kd7 65. Nd5 Ke6 66. Ne3 Kf6 67. Kd3 Kg5 68. Ke4 Be7 69. Nf5 Bf6 70. d5 Bxc3 71. bxc3 a3 72. Nd4 a2 73. Nc2 Kf6 74. f4 1-0


[Site "https://www.chess.com"]

[Event "Titled Tuesday Blitz February 14 Late 2023"]
[White "Sariego Figueredo, Wilfredo"]
[Black "Kalajzic, Ivan"]
[WhiteFideId "3500080"]
[BlackFideId "14506378"]
[WhiteElo "2318"]
[BlackElo "2062"]
[Result "0-1"]
[Round "10"]
[TimeControl "180+2"]
[Date "2023.02.14"]
[WhiteClock "0:00:01"]
[BlackClock "0:00:10"]

1. d4 f5 2. Bg5 c5 3. e3 Qb6 4. b3 cxd4 5. exd4 Nc6 6. Nf3 Nf6 7. Bc4 Ne4 8. Be3 d5 9. Bd3 Qa5+ 10. Bd2 Qc7 11. O-O e6 12. Re1 Bd6 13. Nc3 a6 14. Na4 O-O 15. c4 Bf4 16. Bxf4 Qxf4 17. cxd5 exd5 18. Nb6 Be6 19. Nxa8 Rxa8 20. Rc1 Rf8 21. g3 Qh6 22. Bxe4 fxe4 23. Ne5 Qf6 24. Qd2 Nxe5 25. dxe5 Qxe5 26. Rc2 d4 27. Rcc1 Bd5 28. Rcd1 d3 29. Qe3 Qf5 30. Rc1 h6 31. Rc7 Kh7 32. Qd4 Rf6 33. Rec1 Bc6 34. Rc5 Qf3 35. Qe5 e3 36. R5xc6 exf2+ 37. Kf1 Qh1# 0-1


[Site "https://www.chess.com"]

[Event "Titled Tuesday Blitz February 14 Late 2023"]
[White "Bongo Akanga Ndjila, Barthelemy"]
[Black "Toktomushev, Teimur"]
[WhiteFideId "10609431"]
[BlackFideId "14176726"]
[WhiteElo "1824"]
[BlackElo "2239"]
[Result "0-1"]
[Round "10"]
[TimeControl "180+2"]
[Date "2023.02.14"]
[WhiteClock "0:00:01"]
[BlackClock "0:00:07"]

1. d4 d5 2. c4 e6 3. Nc3 Nf6 4. cxd5 exd5 5. Bg5 Be7 6. Qc2 c6 7. e3 Nbd7 8. Bd3 Nh5 9. Bxe7 Qxe7 10. Nf3 g6 11. O-O O-O 12. Rab1 a5 13. a3 Nb6 14. b4 axb4 15. axb4 Ng7 16. b5 c5 17. dxc5 Qxc5 18. Rfc1 Bf5 19. Nd4 Bxd3 20. Qxd3 Qd6 21. Nce2 Ne6 22. Nxe6 fxe6 23. Nd4 Rfc8 24. g3 Nc4 25. e4 Ne5 26. Qe3 dxe4 27. Kg2 Qd5 28. Rd1 Ng4 29. Qf4 Nxf2 30. Qxf2 Ra2 31. Rd2 e3+ 32. Qf3 Rxd2+ 33. Kh3 Qxd4 34. Qxb7 Qd7 35. Qe4 e5+ 36. g4 e2 37. Rb3 e1=Q 38. Qxe1 Rd3+ 39. Rxd3 Qxd3+ 40. Kh4 Qd4 41. b6 Qxb6 42. Qxe5 Qd8+ 43. Kh3 Qe8 44. Qd5+ Qf7 45. Qd3 Re8 46. Kh4 Qf6+ 47. Kh3 Qe6 48. Qb5 Qe3+ 49. Kh4 Qf2+ 50. Kg5 Qd2+ 51. Kh4 Qh6+ 52. Kg3 Re3+ 53. Kf2 Qf4+ 54. Kg1 Re1+ 55. Kg2 Qxg4+ 56. Kf2 Qh4+ 57. Kf3 Qf6+ 58. Kg2 Re7 59. Qb8+ Qf8 60. Qb3+ Rf7 61. Kh3 Qc8+ 62. Kh4 Qd8+ 63. Kg4 Kg7 64. Qc3+ Qf6 65. Qc4 Qf5+ 66. Kg3 Qf3+ 67. Kh4 Rf4+ 0-1


[Site "https://www.chess.com"]

[Event "Titled Tuesday Blitz February 14 Late 2023"]
[White "Balog, Imre"]
[Black "Gonzalez, Francisco Silva"]
[WhiteFideId "728446"]
[BlackFideId "1512285"]
[WhiteElo "2615"]
[BlackElo "2021"]
[Result "0-1"]
[Round "10"]
[TimeControl "180+2"]
[Date "2023.02.14"]
[WhiteClock "0:00:04"]
[BlackClock "0:01:27"]

1. e4 e5 2. f4 exf4 3. Nf3 g5 4. h4 g4 5. Ng1 d5 6. exd5 Bd6 7. d4 Nf6 8. c4 c5 9. dxc5 Qa5+ 10. Bd2 Qxc5 11. b4 Qd4 12. Qe2+ Qe4 13. Qxe4+ Nxe4 14. Nc3 Nxd2 15. Kxd2 Bxb4 16. Re1+ Kf8 17. Ne2 f3 18. gxf3 gxf3 19. Nd4 Bg4 20. Bh3 h5 21. Re3 Bc5 22. Rd3 Bxd4 23. Rxd4 f5 24. Bf1 Nd7 25. Nb5 Nc5 26. Bd3 Re8 27. Nd6 Nxd3 28. Nxe8 Nf2 29. Rf1 Ne4+ 30. Rxe4 fxe4 31. Nf6 Kg7 32. Nxe4 Re8 33. Ng3 b6 34. Rf2 Kf6 35. Kd3 Ke5 36. Rf1 Kf4 37. Rf2 Kxg3 38. Rf1 Bf5+ 39. Kd4 Re4+ 40. Kc3 Re2 41. d6 Re3+ 42. Kb4 Rd3 43. c5 bxc5+ 44. Kxc5 f2 45. Rb1 Rxd6 46. Rb3+ Kg2 47. Kxd6 f1=R 48. Rb2+ Rf2 49. Rb7 Rxa2 50. Ke5 Bg4 51. Kf4 Ra4+ 52. Ke3 Ra3+ 53. Kf4 Rf3+ 54. Kg5 a5 55. Rb2+ Kg3 56. Ra2 Rf5+ 57. Kh6 Kxh4 58. Rh2+ Bh3 59. Ra2 Rf6+ 60. Kg7 Ra6 61. Ra4+ Bg4 62. Kf7 Kg5 63. Ra2 h4 64. Kg7 h3 65. Rg2 Rg6+ 66. Kh8 Rg8+ 67. Kh7 Rh8+ 68. Kg7 Rh7+ 69. Kg8 hxg2 70. Kf8 Rf7+ 71. Kg8 Be6 72. Kh8 Rh7+ 73. Kxh7 Bg8+ 74. Kh8 a4 75. Kg7 Bf7 76. Kh8 a3 77. Kg7 a2 78. Kh8 a1=B+ 79. Kh7 Bg8+ 80. Kxg8 Bg7 81. Kf7 g1=R 82. Kg8 Rf1 83. Kh7 Bh6 84. Kg8 Kg6 85. Kh8 Rf2 86. Kg8 Rf3 87. Kh8 Rf4 88. Kg8 Rf5 89. Kh8 Rf8# 0-1


[Site "https://www.chess.com"]

[Event "Titled Tuesday Blitz February 14 Late 2023"]
[White "Levine, David"]
[Black "Davidson, Kevin"]
[WhiteFideId "2011611"]
[BlackFideId "2056810"]
[WhiteElo "2040"]
[BlackElo "2154"]
[Result "0-1"]
[Round "10"]
[TimeControl "180+2"]
[Date "2023.02.14"]
[WhiteClock "0:00:13"]
[BlackClock "0:00:23"]

1. d4 Nf6 2. c4 g6 3. g3 Bg7 4. Bg2 O-O 5. Nf3 d6 6. O-O Nbd7 7. Nc3 e5 8. e4 c6 9. h3 Qb6 10. Re1 exd4 11. Nxd4 Re8 12. Nc2 Nc5 13. Qxd6 Rd8 14. Qf4 Nd3 15. Qe3 Nxe1 16. Qxe1 Be6 17. b3 Nd7 18. Be3 Qa5 19. Nd4 Nc5 20. Rd1 Rd7 21. Nxe6 Rxd1 22. Qxd1 Nxe6 23. Ne2 Qxa2 24. Bf3 Rd8 25. Qc1 Nd4 26. Nxd4 Bxd4 27. Bxd4 Rxd4 28. Qc3 Qd2 29. Qa1 Rd3 30. Qf6 Qc3 31. e5 Rxf3 32. Qd8+ Kg7 0-1


[Site "https://www.chess.com"]

[Event "Titled Tuesday Blitz February 14 Late 2023"]
[White "Marin Masis, Jose Esteban"]
[Black "Estrada Nieto, Julian"]
[WhiteFideId "6508146"]
[BlackFideId "5101018"]
[WhiteElo "1938"]
[BlackElo "2215"]
[Result "0-1"]
[Round "10"]
[TimeControl "180+2"]
[Date "2023.02.14"]
[WhiteClock "0:00:07"]
[BlackClock "0:00:17"]

1. e4 e5 2. Nf3 Nc6 3. Bb5 a6 4. Ba4 Nf6 5. d3 d6 6. h3 g6 7. O-O Bg7 8. Bg5 h6 9. Be3 O-O 10. Nbd2 b5 11. Bb3 Na5 12. a4 Nxb3 13. cxb3 Bb7 14. Qc2 c5 15. b4 cxb4 16. a5 Nd7 17. Nb3 Rc8 18. Qd2 Nc5 19. Nxc5 dxc5 20. Bxh6 c4 21. Bxg7 Kxg7 22. Nxe5 Qd4 23. Ng4 Rh8 24. Qxb4 Rcd8 25. dxc4 Qxe4 26. Qc3+ Qd4 27. cxb5 axb5 28. a6 Qxc3 29. bxc3 Ba8 30. Rfb1 Rd5 31. Ra5 Rb8 32. Ne3 Rc5 33. a7 Rbc8 34. Raxb5 Rxc3 35. Rb8 Be4 36. Rxc8 Rxc8 37. Rb8 Rc1+ 38. Kh2 Ra1 39. a8=Q Bxa8 40. Rb6 Be4 41. Kg3 Ra2 42. Rb4 Bd3 43. Rd4 Bb5 44. Rb4 Bc6 45. Rc4 Bd7 46. Rc2 Ra3 47. Rd2 Be6 48. Rd4 Ra1 49. Kf4 Kf6 50. Kg3 Ra2 51. Ng4+ Ke7 52. Re4 f5 53. Rxe6+ Kxe6 54. Nh2 g5 55. Nf3 Kf6 56. h4 g4 57. Ng5 Ra3+ 58. f3 Ra4 59. f4 Ra3+ 60. Kh2 Ra2 61. h5 Rf2 62. Kg3 Rf1 63. h6 Rh1 64. h7 Kg7 65. Kf2 Rh5 66. g3 Rh6 67. Ke3 Ra6 68. Kd4 Ra3 69. Ke5 Rxg3 70. Kxf5 Rg1 71. Ke6 g3 72. f5 Re1+ 73. Kd5 Rf1 74. f6+ Rxf6 75. Ke4 g2 76. Nh3 Rf1 0-1


[Site "https://www.chess.com"]

[Event "Titled Tuesday Blitz February 14 Late 2023"]
[White "Manu_ChessExcelsior"]
[Black "Gerbelli Neto, Eduardo"]
[BlackFideId "2103281"]
[WhiteElo "1985"]
[BlackElo "2114"]
[Result "0-1"]
[Round "10"]
[TimeControl "180+2"]
[Date "2023.02.14"]
[WhiteClock "0:00:04"]
[BlackClock "0:00:13"]

1. e4 e5 2. Nf3 Nc6 3. Bc4 Nf6 4. Ng5 d5 5. exd5 Nd4 6. c3 b5 7. Bf1 Nxd5 8. cxd4 Qxg5 9. Bxb5+ Kd8 10. O-O Bb7 11. Qf3 Rb8 12. Qg3 Qxg3 13. hxg3 Nb4 14. Na3 exd4 15. d3 Bd6 16. Bd2 f6 17. Nc4 Be7 18. Na3 Nd5 19. Rfe1 Bb4 20. Bxb4 Nxb4 21. Rac1 Bd5 22. Rc5 c6 23. Bc4 Kd7 24. Bxd5 cxd5 25. Rec1 Rhc8 26. Nb5 Nxd3 27. Rxd5+ Ke6 28. Rd6+ Ke5 29. Rxc8 Rxc8 30. f4+ Ke4 31. Rxd4+ Ke3 32. Rd7 Rc1+ 33. Kh2 Nf2 0-1


[Site "https://www.chess.com"]

[Event "Titled Tuesday Blitz February 14 Late 2023"]
[White "ritanovikova"]
[Black "Cruz Gomez, Miguel Angel"]
[BlackFideId "5137160"]
[WhiteElo "2189"]
[BlackElo "1950"]
[Result "1-0"]
[Round "10"]
[TimeControl "180+2"]
[Date "2023.02.14"]
[WhiteClock "0:01:26"]
[BlackClock "0:00:54"]

1. e4 c5 2. Nc3 e6 3. d3 Nc6 4. g3 g6 5. Bg2 Bg7 6. Be3 d6 7. Qd2 h5 8. Nge2 Nd4 9. Nd1 Ne7 10. c3 Ndc6 11. d4 cxd4 12. cxd4 d5 13. f3 h4 14. Ndc3 dxe4 15. fxe4 hxg3 16. hxg3 Rxh1+ 17. Bxh1 Bd7 18. d5 Ne5 19. b3 exd5 20. exd5 Nf5 21. Bg5 Qa5 22. Ne4 Qxd2+ 23. Kxd2 Nf3+ 24. Bxf3 Bxa1 25. g4 Ne7 26. Nd6+ Kf8 27. Nxb7 f6 28. Bh6+ Kf7 29. d6 Ng8 30. Be3 Re8 31. Nc5 Rd8 32. Bd5+ Kg7 33. Nb7 Rb8 34. Bxa7 Bxg4 35. Bxb8 1-0


[Site "https://www.chess.com"]

[Event "Titled Tuesday Blitz February 14 Late 2023"]
[White "Mushini Ajay"]
[Black "Romero Ruscalleda, Josep"]
[WhiteFideId "35066188"]
[BlackFideId "2231859"]
[WhiteElo "2310"]
[BlackElo "2160"]
[Result "0-1"]
[Round "10"]
[TimeControl "180+2"]
[Date "2023.02.14"]
[WhiteClock "0:01:05"]
[BlackClock "0:01:13"]

1. e4 g6 2. Nc3 Bg7 3. d4 d6 4. f4 a6 5. a4 Nc6 6. Be3 Nf6 7. Be2 O-O 8. h4 h5 9. f5 e5 10. d5 Nd4 11. Nf3 Nxe2 12. Qxe2 gxf5 13. exf5 Bxf5 14. Bg5 Qd7 15. Bxf6 Bxf6 16. Ne4 Bxe4 17. Qxe4 Qg4 18. Qxg4+ hxg4 19. Nd2 Kg7 20. Ne4 Rh8 21. Nxf6 Kxf6 22. g3 Rh5 23. O-O-O Kg6 24. Rd3 f5 25. Rb3 Rb8 26. a5 f4 27. gxf4 exf4 28. Re1 Re5 29. Rd1 g3 30. Rc3 Re7 31. Rd4 g2 32. Rxf4 g1=Q+ 33. Kd2 Qh2+ 34. Kd1 Qxf4 35. Rf3 Qxf3+ 36. Kc1 Qf1+ 37. Kd2 Re2+ 38. Kd3 Qf3+ 39. Kd4 Re4# 0-1


[Site "https://www.chess.com"]

[Event "Titled Tuesday Blitz February 14 Late 2023"]
[White "Liu, Casper"]
[Black "Curtis, John"]
[WhiteFideId "1454153"]
[BlackFideId "3200256"]
[WhiteElo "2278"]
[BlackElo "2292"]
[Result "0-1"]
[Round "10"]
[TimeControl "180+2"]
[Date "2023.02.14"]
[WhiteClock "0:00:46"]
[BlackClock "0:01:26"]

1. d4 Nf6 2. Nf3 d5 3. Bf4 c6 4. e3 Bg4 5. Nbd2 Nbd7 6. c3 Qb6 7. Qb3 Bxf3 8. Nxf3 e6 9. Bd3 Be7 10. O-O O-O 11. Rfe1 Rfe8 12. Ne5 Nxe5 13. Bxe5 Nd7 14. Qc2 g6 15. Bg3 Bf6 16. e4 dxe4 17. Bxe4 e5 18. dxe5 Bxe5 19. Rad1 Nc5 20. Bxe5 Rxe5 21. Bf3 Rae8 22. Rxe5 Rxe5 23. b4 Ne6 24. g3 h5 25. h4 Qc7 26. a4 Qe7 27. Qd2 Nc7 28. Qd7 Kg7 29. Qxe7 Rxe7 30. Rd8 f5 31. Kg2 a6 32. a5 Nb5 33. c4 Na3 34. c5 Nc2 35. b5 axb5 36. Rd2 Ne1+ 0-1


[Site "https://www.chess.com"]

[Event "Titled Tuesday Blitz February 14 Late 2023"]
[White "Tarnowska, Aleksandra"]
[Black "Rose, Felix"]
[WhiteFideId "1180967"]
[BlackFideId "5105722"]
[WhiteElo "1835"]
[BlackElo "2091"]
[Result "0-1"]
[Round "10"]
[TimeControl "180+2"]
[Date "2023.02.14"]
[WhiteClock "0:00:05"]
[BlackClock "0:00:41"]

1. e4 e5 2. Nf3 Nc6 3. Bb5 a6 4. Ba4 Nf6 5. O-O Be7 6. c3 b5 7. Bc2 O-O 8. d4 d6 9. h3 Re8 10. Re1 Bf8 11. Nbd2 Bb7 12. Nf1 g6 13. Ng3 Bg7 14. Bg5 h6 15. Be3 d5 16. dxe5 Nxe4 17. Nxe4 dxe4 18. Bxe4 Qc8 19. Qc1 Nxe5 20. Bxb7 Qxb7 21. Nxe5 Rxe5 22. Qd2 Rae8 23. Bd4 Rxe1+ 24. Rxe1 Rxe1+ 25. Qxe1 Bxd4 26. cxd4 Qd5 27. Qe8+ Kh7 28. Qe5 Qxa2 29. Qxc7 Kg8 30. Kh2 Qxb2 31. Qc8+ Kg7 32. Qxa6 Qxd4 33. Qxb5 Qd6+ 34. Kg1 Qd1+ 35. Kh2 Qd4 36. Qb3 Qxf2 37. Qc3+ Qf6 38. Qc4 Qe5+ 39. Kh1 h5 40. Qb5 Qxb5 0-1


[Site "https://www.chess.com"]

[Event "Titled Tuesday Blitz February 14 Late 2023"]
[White "Marcolino, Daniel Mattos"]
[Black "Leonte, Sebastian-Marian"]
[WhiteFideId "2106841"]
[BlackFideId "1268767"]
[WhiteElo "2006"]
[BlackElo "1279"]
[Result "0-1"]
[Round "10"]
[TimeControl "180+2"]
[Date "2023.02.14"]
[WhiteClock "0:00:02"]
[BlackClock "0:00:02"]

1. d4 Nf6 2. Nf3 e6 3. g3 b5 4. Bg2 Bb7 5. O-O c5 6. dxc5 Bxc5 7. c3 O-O 8. Qd3 a6 9. Bg5 Ra7 10. Nbd2 Be7 11. a4 bxa4 12. Rxa4 Bc6 13. Rh4 g6 14. Qe3 Rb7 15. Bxf6 Bxf6 16. Qh6 Bxh4 17. Nxh4 Bxg2 18. Nxg2 Rxb2 19. Ne4 f5 20. Qc1 Rxe2 21. Nd6 Qb6 22. Nf4 Rb2 23. Nc4 Qc7 24. Nxb2 Nc6 25. Qd2 Ne5 26. Kg2 Rc8 27. f3 Qxc3 28. Qxc3 Rxc3 29. Rf2 a5 30. Nd1 Rc5 31. Ra2 Kf7 32. Nb2 Rc2+ 33. Kh3 g5 34. Nh5 g4+ 35. fxg4 fxg4+ 36. Kh4 Rxh2+ 37. Kg5 h6+ 38. Kf4 Rxh5 39. Nd1 Rf5+ 40. Ke3 Nc6 41. Ra4 Re5+ 42. Kf4 h5 43. Ne3 Rc5 44. Nc4 Kf6 45. Nd6 Rd5 46. Ne4+ Kg6 47. Nc3 Rd4+ 48. Rxd4 Nxd4 49. Ke4 Nc6 50. Kd3 d5 51. Na2 Nb4+ 0-1


[Site "https://www.chess.com"]

[Event "Titled Tuesday Blitz February 14 Late 2023"]
[White "Sailer, Mike"]
[Black "Oliveira, Tiago Batista"]
[WhiteFideId "2012901"]
[BlackFideId "2108291"]
[WhiteElo "2109"]
[BlackElo "1991"]
[Result "1-0"]
[Round "10"]
[TimeControl "180+2"]
[Date "2023.02.14"]
[WhiteClock "0:00:06"]
[BlackClock "0:00:01"]

1. d4 Nf6 2. Bg5 d5 3. Bxf6 gxf6 4. e3 e5 5. Nc3 Be6 6. Nf3 Bg7 7. Be2 c6 8. dxe5 fxe5 9. e4 d4 10. Nb1 Nd7 11. Nbd2 Nb6 12. O-O O-O 13. a4 a5 14. b3 c5 15. Bb5 Rc8 16. Ne1 c4 17. Nxc4 Nxc4 18. bxc4 Bxc4 19. Nd3 Bxb5 20. axb5 Rc3 21. Qb1 b6 22. f4 Qc7 23. Rf2 exf4 24. Nxf4 Qe5 25. Nd5 Rc5 26. Nxb6 Rxb5 27. Qf1 Rxb6 28. Rf5 Qe7 29. Raxa5 Rg6 30. Ra3 Qxe4 31. Raf3 Be5 32. Kh1 Qh4 33. h3 1-0


[Site "https://www.chess.com"]

[Event "Titled Tuesday Blitz February 14 Late 2023"]
[White "Wang, Alexander J"]
[Black "Dias, Joao Batista"]
[WhiteFideId "30955270"]
[BlackFideId "2108240"]
[WhiteElo "1815"]
[BlackElo "1796"]
[Result "1-0"]
[Round "10"]
[TimeControl "180+2"]
[Date "2023.02.14"]
[WhiteClock "0:01:33"]
[BlackClock "0:00:10"]

1. e4 e6 2. d4 d5 3. e5 c5 4. c3 Nc6 5. Nf3 Bd7 6. Be2 cxd4 7. cxd4 Be7 8. O-O h5 9. Nc3 a6 10. a4 Nh6 11. Bd3 Kf8 12. h3 Rc8 13. Be3 Qb6 14. Rb1 Be8 15. Ne2 g6 16. Qd2 Kg7 17. Nf4 Nf5 18. Bxf5 exf5 19. Nxd5 Qd8 20. Nxe7 Qxe7 21. Bg5 Qe6 22. Bf6+ Kg8 23. Bxh8 Kxh8 24. Qh6+ Kg8 25. Ng5 1-0


[Site "https://www.chess.com"]

[Event "Titled Tuesday Blitz February 14 Late 2023"]
[White "Bortnyk, Olexandr"]
[Black "Nakamura, Hikaru"]
[WhiteFideId "14120828"]
[BlackFideId "2016192"]
[WhiteElo "2605"]
[BlackElo "2775"]
[Result "0-1"]
[Round "11"]
[TimeControl "180+2"]
[Date "2023.02.14"]
[WhiteClock "0:00:01"]
[BlackClock "0:00:47"]

1. d4 Nf6 2. Nc3 d5 3. Bf4 e6 4. Nb5 Bb4+ 5. c3 Ba5 6. a4 a6 7. b4 Nh5 8. Bd2 Bb6 9. a5 axb5 10. axb6 Rxa1 11. Qxa1 c6 12. g4 Nf6 13. Bf4 Na6 14. Qa5 Nd7 15. Bc7 Qg5 16. Qa1 Nxc7 17. bxc7 Qf4 18. Nf3 Qxc7 19. e3 e5 20. g5 e4 21. Nd2 O-O 22. h4 Nb6 23. Bh3 Bxh3 24. Rxh3 Ra8 25. Qd1 Qd7 26. Rg3 Nc8 27. h5 Nd6 28. Kf1 Ra2 29. g6 fxg6 30. hxg6 h6 31. Kg1 Qf5 32. Rg2 Qf6 33. Nf1 Nf5 34. Qg4 Ra8 35. Rh2 Rf8 36. Ng3 Ne7 37. Qd7 Nxg6 38. Rg2 Qe7 39. Qxe7 Nxe7 40. Nh5 g5 41. Nf4 Kf7 42. Ne2 Nf5 43. Rh2 Nh4 44. Kf1 Ra8 0-1


[Site "https://www.chess.com"]

[Event "Titled Tuesday Blitz February 14 Late 2023"]
[White "Andreikin, Dmitry"]
[Black "Bluebaum, Matthias"]
[WhiteFideId "4158814"]
[BlackFideId "24651516"]
[WhiteElo "2729"]
[BlackElo "2669"]
[Result "1-0"]
[Round "11"]
[TimeControl "180+2"]
[Date "2023.02.14"]
[WhiteClock "0:01:10"]
[BlackClock "0:00:14"]

1. c4 e6 2. Nc3 d5 3. d4 Bb4 4. e3 Nf6 5. Nf3 O-O 6. Bd2 b6 7. cxd5 exd5 8. Qc2 Be7 9. g3 c5 10. Ne5 Bd6 11. Bg2 Bb7 12. O-O Nbd7 13. f4 Rc8 14. Qf5 Rc7 15. Nb5 Bxe5 16. fxe5 Ne4 17. Bxe4 dxe4 18. Nxc7 Qxc7 19. e6 Nf6 20. dxc5 bxc5 21. Bc3 Nd5 22. exf7+ Qxf7 23. Qe5 Qe7 24. Rxf8+ Qxf8 25. Rf1 Nf6 26. Qe6+ Qf7 27. Qxf7+ Kxf7 28. Bxf6 gxf6 29. Rf5 Ke6 30. Rxc5 Bd5 31. Rc7 Bxa2 32. Rxa7 Bb1 33. Rxh7 Kd5 34. Kf2 Kc4 35. h4 Kd3 36. h5 Kc2 37. h6 Ba2 38. Rg7 Kxb2 39. h7 f5 40. h8=Q Kc2 41. Rc7+ Kb1 42. Qc3 Bb3 43. Qxb3+ Ka1 44. Ra7# 1-0


[Site "https://www.chess.com"]